 Dungeon Crawl Stone Soup version 0.22-a0-439-gac93bac (webtiles) character file.

3098 emperorscorpion the Destroyer (level 9, -12/47 HPs)
             Began as a Deep Elf Conjurer on May 29, 2018.
             Was a Believer of Uskayaw.
             Mangled by Ijustatesigmund's ghost (33 damage)
             ... on level 8 of the Dungeon.
             The game lasted 00:18:05 (10312 turns).

emperorscorpion the Destroyer (Deep Elf Conjurer)  Turns: 10312, Time: 00:18:06

Health: -12/47     AC:  3    Str:  5    XL:     9   Next: 59%
Magic:  7/34       EV: 14    Int: 24    God:    Uskayaw [**....]
Gold:   526        SH:  0    Dex: 15    Spells: 16/28 levels left

rFire    . . .     SeeInvis +   a - +0 rapier
rCold    + + .     Gourm    .   (no shield)
rNeg     . . .     Faith    .   L - +1 robe "Jos Mez" {rC+ SInv Stlth+}
rPois    .         Spirit   .   (no helmet)
rElec    .         Reflect  .   (no cloak)
rCorr    .         Harm     .   (no gloves)
MR       .....                  (no boots)
Stlth    ++++......             s - amulet of the acrobat
HPRegen  0.15/turn              g - ring of protection from cold
MPRegen  0.24/turn              O - ring of magical power

@: no status effects
A: no striking features
a: Stomp, Line Pass, Renounce Religion


You were on level 8 of the Dungeon.
You worshipped Uskayaw.
Uskayaw was noncommittal.
You were not hungry.

You visited 1 branch of the dungeon, and saw 8 of its levels.
You also visited: Sewer.

You collected 526 gold pieces.

Inventory:

Hand Weapons
 a - a +0 rapier (weapon)
 b - a +0 blowgun
 z - a +1 mace
 N - a +1 whip of venom
 R - a +0 shortbow
Missiles
 d - 185 stones
 i - 207 arrows
 r - 50 poisoned needles
 B - 4 tomahawks
 C - 38 bolts
 D - 27 sling bullets
 E - 2 steel javelins (quivered)
 M - 3 javelins
 S - 2 throwing nets
Armour
 l - a +1 robe
 x - a +0 troll leather armour {Purgy}
 L - the +1 robe "Jos Mez" (worn) {rC+ SInv Stlth+}
   (You found it on level 6 of the Dungeon)

   It protects you from cold.
   It lets you see invisible.
   It makes you more stealthy.
Jewellery
 g - a ring of protection from cold (left hand)
 o - an uncursed amulet of inaccuracy
 s - an amulet of the acrobat (around neck)
 y - a +2 ring of strength
 G - an uncursed ring of resist corrosion
 I - a +2 ring of strength
 O - a ring of magical power (right hand)
Wands
 J - a wand of polymorph (15)
 Q - a wand of acid (9)
Scrolls
 k - 4 scrolls of amnesia
 u - 6 scrolls of remove curse
 v - 3 scrolls of identify
 w - 2 scrolls of blinking
 F - a scroll of fog {unknown}
 H - 2 scrolls of teleportation
 K - a scroll of immolation {unknown}
 P - a scroll of enchant armour
 T - a scroll of holy word {unknown}
Potions
 e - 2 potions of curing
 f - a potion of magic
 h - a potion of invisibility {unknown}
 j - a potion of heal wounds {unknown}
 m - a potion of resistance {unknown}
 n - a potion of flight {unknown}
 p - a potion of degeneration {unknown}
 q - a potion of brilliance {unknown}
 t - a potion of agility {unknown}
 A - 2 potions of mutation {unknown}
Comestibles
 c - 19 rations
 U - 5 chunks of flesh


   Skills:
 + Level 1.2 Fighting
 + Level 0.2 Short Blades
 + Level 1.2 Maces & Flails
 + Level 3.1 Armour
 + Level 4.3 Dodging
 + Level 5.1 Stealth
 + Level 10.4 Spellcasting
 + Level 10.4 Conjurations


You had 16 spell levels left.
You knew the following spells:

 Your Spells              Type           Power        Failure   Level  Hunger
a - Magic Dart            Conj           ####         1%          1    None
b - Dazzling Spray        Conj/Hex       #####.       1%          3    None
c - Iskenderun's Mystic   Conj           ######..     1%          4    #......
d - Force Lance           Conj/Tloc      #####...     6%          4    #......

Your spell library contained the following spells:

 Spells                   Type           Power        Failure   Level  Hunger
 Fulminant Prism          Conj/Hex       #####.....   6%          4    #......
 Searing Ray              Conj           ######       1%          2    None


Dungeon Overview and Level Annotations

Branches:
Dungeon (8/15)             Temple (0/1) D:7
   Lair: D:8-11

Altars:
Dithmenos
Fedhas
Makhleb
Nemelex Xobeh
Trog
Uskayaw
Yredelemnul
The Shining One

Shops:
D:5 [

Annotations:
D:8 Ijustatesigmund's ghost, novice OgHu


Message History

Ijustatesigmund's ghost is heavily damaged.
Casting: Iskenderun's Mystic Blast (safe; 1% risk of failure)
Confirm with . or Enter, or press ? or * to list all spells.
Aiming: Iskenderun's Mystic Blast (safe; 1% risk of failure)
Press: ? - help, Shift-Dir - straight line, f/p - Ijustatesigmund's ghost
Aim: Ijustatesigmund's ghost (heavily damaged)
The orb of energy hits Ijustatesigmund's ghost.
Ijustatesigmund's ghost is heavily damaged.
The orb of energy explodes!
Ijustatesigmund's ghost hits you!!
Ouch! That really hurt!
Casting: Iskenderun's Mystic Blast (safe; 1% risk of failure)
Confirm with . or Enter, or press ? or * to list all spells.
Aiming: Iskenderun's Mystic Blast (safe; 1% risk of failure)
Press: ? - help, Shift-Dir - straight line, f/p - Ijustatesigmund's ghost
Aim: Ijustatesigmund's ghost (heavily damaged)
The orb of energy hits Ijustatesigmund's ghost.
Ijustatesigmund's ghost is severely damaged.
The orb of energy explodes!
Ijustatesigmund's ghost hits you!!
Ouch! That really hurt!
You die...

.........# ....
.........# ...
#.......###.#####.
#...........#.......
###..........#........#
.......................
.........)..........>. #
....##W...............)o
#....@....)..#...#.#..
####.............#.###
#.................#
####.$.......<...# .
.....)..)).......# ..
####.....[.......# ##
#................#
####...............
#.......########..


You could see Ijustatesigmund's ghost.

Vanquished Creatures
  A hippogriff (D:5)
  2 ice beasts
  A phantom (D:6)
  Purgy (Sewer)
  2 orc warriors
  2 black bears (D:6)
  4 ogres
  4 centaurs
  5 bullfrogs
  A scorpion (D:4)
  5 wights (D:6)
  2 electric eels (D:7)
  3 crimson imps
  A hound (D:5)
  A jelly (D:3)
  4 orc priests
  4 orc wizards
  3 iguanas
  3 worker ants
  4 gnolls (D:7)
  10 adders
  A river rat (D:4)
  A shadow imp (D:7)
  7 oozes (D:3)
  4 worms
  2 dart slugs
  5 leopard geckos
  31 orcs
  4 ball pythons
  4 giant cockroaches
  4 goblins
  9 hobgoblins
  5 jackals
  A quokka (D:2)
  8 bats
  5 frilled lizards
  2 jackal skeletons
  20 kobolds
  2 leopard gecko skeletons
  14 rats
192 creatures vanquished.

Vanquished Creatures (others)
  A shadow imp (D:8)
  2 fungi (D:3)
  8 toadstools (D:3)
11 creatures vanquished.

Grand Total: 203 creatures vanquished

Notes
Turn   | Place    | Note
-------+----------+-------------------------------------------
     0 | D:1      | emperorscorpion the Deep Elf Conjurer began the quest for the Orb.
     0 | D:1      | Reached XP level 1. HP: 10/10 MP: 6/6
   410 | D:1      | Reached XP level 2. HP: 15/15 MP: 5/8
   533 | D:1      | Reached skill level 5 in Conjurations
   919 | D:1      | Reached XP level 3. HP: 19/19 MP: 7/9
   950 | D:1      | Learned a level 3 spell: Dazzling Spray
  1225 | D:2      | Noticed an ogre
  1451 | D:2      | Reached XP level 4. HP: 24/24 MP: 3/11
  1550 | D:2      | Found a glowing golden altar of the Shining One.
  1559 | D:2      | Found a basalt altar of Yredelemnul.
  1624 | D:2      | Found a sparkling altar of Nemelex Xobeh.
  1671 | D:2      | Learned a level 4 spell: Iskenderun's Mystic Blast
  1693 | D:2      | Killed an ogre
  1693 | D:2      | Reached XP level 5. HP: 28/28 MP: 0/13
  1925 | D:2      | Found a faded altar of an unknown god.
  2320 | D:2      | Noticed an angel
  2431 | D:3      | Found a hide-covered altar of Uskayaw.
  2443 | D:3      | Became a worshipper of Uskayaw the Reveler
  2519 | D:3      | Reached * piety under Uskayaw
  2667 | D:3      | Reached ** piety under Uskayaw
  3175 | D:3      | Reached XP level 6. HP: 29/32 MP: 10/15
  3226 | D:3      | Reached skill level 5 in Spellcasting
  3231 | D:3      | Reached *** piety under Uskayaw
  4599 | D:4      | Found a blossoming altar of Fedhas.
  4778 | D:4      | Reached XP level 7. HP: 37/37 MP: 12/18
  4791 | D:4      | Found a glowing drain.
  4795 | Sewer    | Entered a sewer
  4928 | Sewer    | Noticed Purgy
  4933 | Sewer    | Killed Purgy
  5419 | D:5      | Entered Level 5 of the Dungeon
  5630 | D:5      | Found Eriuhiss's Antique Armour Shoppe.
  5751 | D:5      | Noticed a moth of wrath
  5754 | D:5      | Found a bloodstained altar of Trog.
  6087 | D:5      | Noticed a hippogriff
  6092 | D:5      | Killed a hippogriff
  6098 | D:5      | Learned a level 4 spell: Force Lance
  6423 | D:6      | Reached skill level 1 in Fighting
  6423 | D:6      | Reached skill level 1 in Armour
  6521 | D:6      | Reached XP level 8. HP: 37/43 MP: 7/21
  6898 | D:6      | Reached skill level 1 in Maces & Flails
  7037 | D:6      | Reached **** piety under Uskayaw
  7623 | D:6      | Found a burning altar of Makhleb.
  7717 | D:6      | Got a transparent robe
  7728 | D:6      | Identified the +1 robe "Jos Mez" {rC+ SInv Stlth+} (You found it on level 6 of the Dungeon)
  7790 | D:7      | Reached XP level 9. HP: 43/47 MP: 3/24
  8971 | D:7      | Reached skill level 5 in Stealth
  9237 | D:7      | Found a staircase to the Ecumenical Temple.
  9427 | D:7      | Found a shadowy altar of Dithmenos.
  9606 | D:8      | Reached skill level 10 in Spellcasting
  9606 | D:8      | Reached skill level 10 in Conjurations
  9982 | D:8      | Noticed Ijustatesigmund's ghost (novice OgHu)
  9984 | D:8      | Reached ***** piety under Uskayaw
 10312 | D:8      | Mangled by Ijustatesigmund's ghost

Vault maps used:
D:1:      lightli_arrival_windingriver
D:2:      grunt_temple_overflow_holy_war, lemuel_doored_altar,
          chequers_ecumenical_altar_simple, first_ration,
          minmay_goblin_kobold_house
D:3:      cheibrodos_fertilizer, eat_drink_and_be_merry_uskayaw
D:4:      marbit_many_paths, gup_sewer_entry_bowl
D:5:      tgw_trog, serial_shops, nicolae_shop_stone
D:6:      makhleb_grotto_becter
D:7:      kennysheep_mini, temple_hall, grunt_ogre_cave, serial_bayou_ford_a
D:8:      grunt_temple_overflow_gold_and_silver, david_lair_generic, tgw_sif,
          uniq_psyche
Sewer:    sewer_the_crocodile

Skill      XL: |  1  2  3  4  5  6  7  8  9 |
---------------+----------------------------+-----
Conjurations   | 5 6 7 8 9 10 | 10.4
Stealth        | 3 4 5 |  5.1
Spellcasting   | 4 6 7 9 10 | 10.4
Dodging        | 3 4 |  4.3
Fighting       | 1 |  1.2
Armour         | 1 2 3 |  3.1
Maces & Flails | 1 |  1.2
Short Blades   | |  0.2

Action                   |  1- 3 |  4- 6 |  7- 9 || total
-------------------------+-------+-------+-------++-------
Melee: Mace              |       |    50 |       ||    50
       Whip              |       |    37 |    14 ||    51
       Rapier            |       |       |    34 ||    34
Throw: Javelin           |       |       |     2 ||     2
 Cast: Magic Dart        |    74 |   104 |    56 ||   234
       Dazzling Spray    |     1 |       |       ||     1
       Iskenderun's Myst |       |    22 |   114 ||   136
  Use: Scroll            |       |     7 |     1 ||     8
       Potion            |       |     1 |     1 ||     2
 Stab: Paralysed         |       |     2 |     1 ||     3
       Sleeping          |       |       |     2 ||     2
  Eat: Chunk             |     2 |     8 |    17 ||    27
       Ration            |       |     1 |     2 ||     3
Armor: Robe              |     3 |    12 |    14 ||    29
       Troll leather arm |       |       |     2 ||     2
Dodge: Dodged            |     6 |    79 |    77 ||   162

Table legend:
 A = Spawn XP
 B = Non-spawn XP
 C = Spawn XP percentage of total XP
 D = Spawn monster count
 E = Non-spawn monster count
 F = Spawn count percentage of total count
 G = Total turns spent on level
                    A         B        C        D         E        F      G
               +---------+---------+-------+---------+---------+-------+---------
         Total |       0 |    4427 |   0.0 |       0 |     192 |   0.0 | 10312
               +---------+---------+-------+---------+---------+-------+---------
           D:1 |       0 |      45 |   0.0 |       0 |      26 |   0.0 |  1178
           D:2 |       0 |     223 |   0.0 |       0 |      28 |   0.0 |  1170
           D:3 |       0 |     227 |   0.0 |       0 |      36 |   0.0 |  2027
           D:4 |       0 |     293 |   0.0 |       0 |      20 |   0.0 |   754
           D:5 |       0 |     345 |   0.0 |       0 |      14 |   0.0 |  1002
           D:6 |       0 |    1273 |   0.0 |       0 |      18 |   0.0 |  1557
           D:7 |       0 |    1107 |   0.0 |       0 |      25 |   0.0 |  2106
           D:8 |       0 |     776 |   0.0 |       0 |      19 |   0.0 |   228
         Sewer |       0 |     138 |   0.0 |       0 |       6 |   0.0 |   290
               +---------+---------+-------+---------+---------+-------+---------
